 Dungeon Crawl Stone Soup version 0.20.1-1-g8b1a95d (webtiles) character file.

681523 Announcer the Conqueror (level 27, -1/245 HPs)
             Began as a Minotaur Berserker on Oct 22, 2017.
             Was a High Priest of Trog.
             Slain by a deep troll (19 damage)
             ... summoned by the player character
             ... on level 5 of the Realm of Zot.
             The game lasted 01:36:40 (59777 turns).

Announcer the Conqueror (Minotaur Berserker)       Turns: 59777, Time: 01:36:41

Health: -1/245     AC: 37    Str: 30    XL:     27
Magic:  35/35      EV: 12    Int:  8    God:    Trog [*****.]
Gold:   7465       SH:  0    Dex:  6    Spells: 26/26 levels left

rFire    + . .     SeeInvis .   I - +9 executioner's axe (vamp)
rCold    + . .     Gourm    .   (shield currently unavailable)
rNeg     + . .     Faith    +   i - +7 gold dragon scales
rPois    +         Spirit   .   m - +1 hat
rElec    +         Reflect  .   J - scarf {repulsion}
rCorr    .         Harm     .   l - +2 pair of gloves "Sogytez" {rElec rN+ Int+4 Dex-5 Stlth+}
MR       ++++.     Rnd*Rage +   R - +2 pair of boots {Fly}
Stlth    ..........             O - amulet of faith
Regen    1.5/turn               y - +4 ring of slaying
MPRegen  0.3/turn               f - +3 ring of slaying

@: berserk cooldown, flying, regenerating, repel missiles
A: retaliatory headbutt, horns 2, berserk 1, blurry vision 1, clumsy 1, deformed
body, deterioration 2, frail 1, screaming 1, weak 1, no potion heal 1, subdued
magic 2, MP-powered wands
}: 3/15 runes: decaying, serpentine, silver
a: Berserk, Trog's Hand, Brothers in Arms, Burn Spellbooks, Renounce Religion,
Stop Flying


You were on level 5 of the Realm of Zot.
You worshipped Trog.
Trog was extremely pleased with you.
You were very full.

You visited 8 branches of the dungeon, and saw 46 of its levels.
You visited the Abyss 1 time.
You also visited: Ossuary and Ice Cave.

You collected 9034 gold pieces.
You spent 1569 gold pieces at shops.

Inventory:

Hand Weapons
 I - a +9 vampiric executioner's axe (weapon)
Missiles
 q - a throwing net (quivered)
Armour
 i - +7 gold dragon scales (worn)
 l - the +2 pair of gloves "Sogytez" (worn) {rElec rN+ Int+4 Dex-5 Stlth+}
   (You acquired it on level 4 of the Depths)

   It affects your intelligence (+4).
   It affects your dexterity (-5).
   It insulates you from electricity.
   It protects you from negative energy.
   It makes you more stealthy.
 m - a +1 hat (worn)
 J - a scarf of repulsion (worn)
 R - a +2 pair of boots of flying (worn)
Jewellery
 f - a +3 ring of slaying (right hand)
 y - a +4 ring of slaying (left hand)
 O - an amulet of faith (around neck)
 W - an uncursed ring of resist corrosion
Wands
 L - a wand of disintegration (9/24)
 N - a wand of clouds (9/9)
Scrolls
 b - a scroll of noise
 d - 19 scrolls of teleportation
 h - 25 scrolls of remove curse
 j - 13 scrolls of magic mapping
 o - 7 scrolls of recharging
 p - 2 scrolls of brand weapon
 s - 5 scrolls of enchant armour
 t - 5 scrolls of immolation
 v - 5 scrolls of identify
 w - 3 scrolls of fear
 x - 5 scrolls of blinking
 z - 4 scrolls of enchant weapon
 B - 7 scrolls of fog
 F - 7 scrolls of torment
 S - a scroll of silence
 X - 3 scrolls of vulnerability
Potions
 e - 3 potions of brilliance
 g - 3 potions of berserk rage
 k - 2 potions of invisibility
 r - 14 potions of curing
 A - a potion of cancellation
 C - 2 potions of magic
 D - 8 potions of agility
 E - 7 potions of lignification
 Q - 4 potions of heal wounds
 V - a potion of ambrosia
 Z - 3 potions of mutation
Miscellaneous
 M - a phantom mirror
 Y - a fan of gales
Comestibles
 a - a fruit
 c - 12 bread rations
 T - 6 meat rations
 U - 4 royal jellies


   Skills:
 O Level 27 Fighting
 - Level 26.1 Axes
 O Level 27 Armour
 - Level 17.6 Dodging
 + Level 19.7 Evocations


You had 26 spell levels left.
You didn't know any spells.

Dungeon Overview and Level Annotations

Branches:
Dungeon (15/15)            Temple (0/1) D:6            Lair (6/6) D:10
  Swamp (4/4) Lair:4        Snake (4/4) Lair:4        Slime (0/5) Lair:6
    Orc (2/2) D:10            Elf (0/3) Orc:2        Vaults (5/5) D:14
  Crypt (0/3) Vaults:3     Depths (5/5) D:15            Zot (5/5) Depths:5

Altars:
Ashenzari
Dithmenos
Elyvilon
Qazlal
Ru
Uskayaw
Vehumet
Xom
Zin
Jiyva

Shops:
D:8 :   D:14 }   Orc:2 (=?(   Snake:3 =[   Vaults:1 ***

Portals:
Hell: Depths:1 Depths:2 Depths:3 Depths:4 Depths:5
Abyss: Depths:2 Depths:4
Pandemonium: Depths:3
Ziggurat: Depths:4
Trove: D:14 (give 6 scrolls of blinking)

Annotations:
Lair:4 exclusion: 4 oklob plants
Depths:1 2 runed doors


Innate Abilities, Weirdness & Mutations

You reflexively headbutt those who attack you in melee.
You have a pair of horns on your head.
You tend to lose your temper in combat.
Scrolls take you a little longer to read.
You are clumsy. (Dex -2)
Armour fits poorly on your strangely shaped body.
Your body often deteriorates upon taking damage.
You are frail. (-10% HP)
You occasionally shout uncontrollably at your foes.
You are weak. (Str -2)
Potions are less effective at restoring your health.
Your spells are easier to cast, but less powerful.
You expend magic power (3 MP) to strengthen your wands.


Message History

You feel much better. The deep troll barely misses you.
You furiously retaliate!
You headbutt the deep troll.
The deep troll claws you but does no damage.
The deep troll claws you!
* * * LOW HITPOINT WARNING * * *
The orb of fire glows deep purple.
Strange energies course through your body.
Your connection to magic feels more subdued.
The deep troll closely misses you. The deep troll barely misses you.
The deep troll claws you!
* * * LOW HITPOINT WARNING * * *
Quiver which item? (- for none, * to show all) (? for menu, Esc to quit)
Okay, then.
Your system partially rejects the healing.
You feel much better.
The deep troll bites you but does no damage.
The deep troll claws you!
* * * LOW HITPOINT WARNING * * *
The deep troll claws you!!
You die...

#▓#▓▓▓▓▓▓▓▓▓#
......8*@...###
...X...T##....##
.........###...##########
..........###............
..^.......# ##...........
..........# #...........
..........# ##..........
..........# #..........
..........# ##..........


You could see an orb of fire, an electric golem, an Orb Guardian and a deep
troll (berserk).

Vanquished Creatures
  3 ancient liches (Zot:5)
  4 orbs of fire
  Mennas (Vaults:4)
  A juggernaut (Depths:4)
  Mara (Depths:2)
  Sojobo (Vaults:2)
  Bai Suzhen (Vaults:4)
  7 curse toes
  Frederick (Depths:4)
  2 Killer Klowns
  3 caustic shrikes
  16 golden dragons
  The ghost of nano the Sniper, a veteran SpAs of Dithmenos (Vaults:5)
  An electric golem (Zot:5)
  2 bone dragons
  5 liches
  15 tentacled monstrosities
  Rupert (Lair:4)
  7 Orb Guardians (Zot:5)
  6 titans
  7 quicksilver dragons
  A tentacled starspawn (Abyss:4)
  7 sphinxes
  7 death cobs
  8 tengu reavers
  Agnes (D:15)
  3 thorn hunters
  8 shadow dragons
  18 storm dragons
  6 draconian monks
  3 draconian knights
  A ghost moth (Zot:1)
  19 nagarajas
  6 iron dragons
  16 frost giants
  2 balrugs
  2 deep elf sorcerers (Vaults:5)
  11 fire giants
  16 vault wardens
  An orc warlord (Orc:1)
  Aizul (Vaults:1)
  3 deep elf elementalists
  4 draconian scorchers
  A ghoul (Vaults:3)
  4 draconian annihilators
  2 draconian shifters
  15 ironheart preservers
  3 spriggan defenders
  4 draconian stormcallers
  25 stone giants
  2 war gargoyles
  2 entropy weavers
  3 vampire knights
  2 deep elf annihilators
  12 very ugly things
  A deep elf demonologist (Vaults:5)
  8 green draconians
  9 spark wasps
  19 black draconians
  5 yellow draconians
  16 red draconians
  7 purple draconians
  12 white draconians
  2 green deaths (Swamp:4)
  11 ettins
  An eidolon (Vaults:3)
  4 deep elf death magi
  Josephine (D:15)
  11 great orbs of eyes
  19 yaktaur captains
  12 fire dragons
  2 jiangshi (Depths:2)
  32 vault guards
  24 hydras
  2 deep elf high priests
  4 rakshasas
  13 ice dragons
  21 naga warriors
  7 anacondas
  7 spriggan air magi
  11 centaur warriors
  A death knight (Vaults:4)
  4 deep troll shamans
  20 ogre magi
  12 death yaks
  An anaconda (shapeshifter) (Depths:1)
  A dancing weapon (Vaults:5)
  13 alligators
  3 catoblepae (Lair:6)
  A two-headed ogre (shapeshifter) (Vaults:5)
  11 naga sharpshooters
  43 two-headed ogres
  4 deep troll earth magi
  9 shock serpents
  9 spriggan berserkers
  2 vampire magi
  Urug (Lair:2)
  2 thrashing horrors (Abyss:4)
  4 orc high priests
  7 tengu warriors
  21 hell knights
  7 deep elf knights
  5 sun demons
  4 shadow wraiths
  2 spatial maelstroms (Abyss:4)
  A spark wasp zombie (Depths:2)
  3 unseen horrors
  A sea snake (shapeshifter) (D:15)
  7 sea snakes (Snake:4)
  3 salamander mystics
  A death drake (shapeshifter) (Depths:4)
  8 swamp dragons
  4 naga ritualists
  7 large abominations
  2 shambling mangroves
  4 glowing orange brains
  2 spriggan druids (Swamp:4)
  2 shadow dragon zombies
  7 wizards
  A quicksilver dragon simulacrum (Depths:2)
  2 flayed ghosts
  24 orc knights
  16 deep trolls
  2 phantasmal warriors
  8 deep elf archers
  A tengu zombie (Depths:2)
  19 ironbrand convokers
  A fire giant zombie (Depths:2)
  2 oklob plants
  9 necromancers
  A stone giant zombie (Vaults:4)
  8 mana vipers
  15 deep elf magi
  A shadow dragon skeleton (Depths:2)
  3 worldbinders (Abyss:4)
  2 orc sorcerers
  3 wolf spiders
  5 cyclopes
  2 spriggan zombies (Depths:2)
  7 salamanders
  A manticore (Lair:6)
  A salamander (shapeshifter) (Depths:3)
  An elephant (shapeshifter) (Vaults:5)
  3 elephants (Lair:6)
  21 ugly things
  A manticore (shapeshifter) (Depths:2)
  A faun (shapeshifter) (D:12)
  17 guardian serpents
  A black mamba (shapeshifter) (Vaults:5)
  2 orange demons (Swamp:4)
  15 vault sentinels
  19 moths of wrath
  3 ice statues (IceCv)
  2 guardian serpents (shapeshifter)
  50 black mambas
  Joseph (D:7)
  26 naga magi
  5 spectral swamp worms (Depths:1)
  An eye of devastation (shapeshifter) (Vaults:5)
  2 smoke demons (Abyss:4)
  3 gargoyles
  3 centaur skeletons
  2 spiny frogs (shapeshifter)
  A hellion (Depths:3)
  20 spiny frogs
  13 rime drakes
  A yaktaur zombie (Vaults:3)
  2 kobold demonologists
  9 komodo dragons
  A hellwing (Depths:3)
  53 yaktaurs
  An ancient zyme (Abyss:4)
  5 tengu conjurers
  6 freezing wraiths
  3 efreet
  9 trolls
  2 trolls (shapeshifter)
  A merfolk (shapeshifter) (Depths:4)
  A red devil (Abyss:4)
  The ghost of Dwachs the Cudgeler, an amateur DsCK of Xom (D:4)
  2 polar bears (shapeshifter)
  20 hornets
  A tengu simulacrum (Vaults:3)
  7 tyrant leeches
  5 raiju (Abyss:4)
  14 blink frogs
  A meliai (shapeshifter) (Vaults:3)
  A hornet (shapeshifter) (D:15)
  A raiju (shapeshifter) (Vaults:4)
  45 slime creatures
  A slime creature (shapeshifter) (Depths:1)
  A dream sheep (shapeshifter) (Vaults:5)
  A hippogriff (shapeshifter) (Vaults:5)
  2 meliai zombies
  4 dream sheep (Lair:6)
  6 bog bodies
  A human simulacrum (Vaults:3)
  3 ettin zombies
  The ghost of necrodante the Poker, an amateur GrGl of Dithmenos (D:6)
  18 hippogriffs
  A water elemental (Depths:3)
  7 air elementals
  A spriggan (shapeshifter) (Vaults:3)
  A spriggan skeleton (Depths:2)
  2 ynoxinuls
  2 tarantellas (shapeshifter)
  6 redbacks
  8 shadows
  A redback (shapeshifter) (Depths:3)
  10 wraiths
  A yak (shapeshifter) (Vaults:1)
  15 spriggans
  7 wyverns
  A basilisk (shapeshifter) (Vaults:4)
  42 yaks
  11 basilisks
  4 small abominations (Abyss:4)
  4 neqoxecs
  4 vampire mosquitoes
  2 hungry ghosts
  3 spatial vortices (Abyss:4)
  3 chaos spawn
  15 swamp worms
  2 acid dragons (Vaults:1)
  54 nagas
  The ghost of necrodante the Covered, an amateur GrFi of Dithmenos (D:7)
  5 wargs
  Menkaure (D:7)
  2 floating eyes
  2 soldier ants
  14 water moccasins
  11 porcupines
  14 swamp drakes
  12 ice beasts
  2 hornet zombies
  61 orc warriors
  52 ogres
  3 phantoms
  3 sky beasts
  An ettin simulacrum (Vaults:4)
  2 eyes of draining (shapeshifter)
  A spriggan simulacrum (Depths:2)
  3 eyes of draining
  17 wolves
  2 boggarts (Depths:4)
  11 centaurs
  21 crocodiles
  A big kobold (shapeshifter) (Vaults:1)
  2 elf zombies (Ossuary)
  3 big kobolds
  13 bullfrogs
  2 human skeletons
  3 gnoll sergeants
  A glowing shapeshifter simulacrum (Vaults:3)
  2 yaktaur skeletons
  2 wyvern skeletons
  3 scorpions
  17 killer bees
  4 howler monkeys
  8 electric eels
  8 crimson imps
  3 bullfrog zombies
  5 centaur zombies
  A quasit (D:7)
  32 orc priests
  A wyvern simulacrum (D:12)
  3 human zombies
  3 bullfrog skeletons
  7 hounds
  An iguana (shapeshifter) (D:15)
  6 jellies
  33 orc wizards
  Jessica (D:3)
  2 iguanas
  8 worker ants
  A hound zombie (D:11)
  The ghost of necrodante the Poker, a weakling GrGl (D:5)
  2 mummies (Ossuary)
  A worker ant zombie (D:11)
  10 gnolls
  11 adders
  4 shadow imps
  An adder skeleton (D:8)
  2 adder zombies (Ossuary)
  3 worms
  A dart slug (D:1)
  7 leopard geckos
  109 orcs
  11 bats
  9 giant cockroaches
  3 goblins
  5 hobgoblins
  9 jackals
  2 quokkas
  3 ball pythons
  4 frilled lizards
  A goblin zombie (Ossuary)
  13 hobgoblin zombies (Ossuary)
  2 jackal skeletons
  2 jackal zombies (Ossuary)
  14 kobolds
  4 kobold zombies (Ossuary)
  3 leopard gecko skeletons
  8 orc zombies (Ossuary)
  8 rats
  A rat zombie (Ossuary)
  8 briar patches (Swamp:4)
  2 crawling corpses (Depths:3)
  7 fungi
  A plant (Snake:1)
  3 starspawn tentacles (Abyss:4)
2281 creatures vanquished.

Vanquished Creatures (collateral kills)
  A Killer Klown (Zot:5)
  A quicksilver dragon (Vaults:5)
  An Orb Guardian (Zot:5)
  A titan (Vaults:5)
  A storm dragon (Zot:4)
  An ironheart preserver (Vaults:5)
  A deep elf annihilator (Vaults:5)
  A naga warrior (Snake:4)
  3 hydras
  A two-headed ogre (Vaults:5)
  An ogre mage (Vaults:5)
  2 orc high priests (Orc:2)
  5 orc knights
  A manticore (Lair:6)
  A salamander (Snake:2)
  2 guardian serpents (Snake:4)
  A naga mage (Snake:2)
  A black mamba (Snake:4)
  A spiny frog (Lair:2)
  A komodo dragon (Lair:2)
  2 trolls (Orc:2)
  A blink frog (Lair:2)
  A basilisk (Lair:2)
  A naga (Snake:4)
  2 wargs (Orc:2)
  5 orc warriors
  2 wolves (Lair:2)
  A crocodile (Lair:1)
  A bullfrog (Lair:2)
  A killer bee (D:9)
  3 orc priests
  A gnoll (Orc:2)
  7 orcs
56 creatures vanquished.

Vanquished Creatures (others)
  An ice dragon (Depths:4)
  A spriggan berserker (Depths:5)
  A glowing orange brain (Depths:5)
  2 moths of wrath (Zot:5)
  A black mamba (Snake:4)
  2 air elementals (Depths:5)
  A spriggan (Depths:5)
  A sky beast (shapeshifter) (Depths:4)
  3 ogres (Vaults:5)
  A centaur (Vaults:1)
  A briar patch (Swamp:4)
  A bush (Lair:5)
  6 fungi
  28 plants
  A starspawn tentacle (Abyss:4)
51 creatures vanquished.

Grand Total: 2388 creatures vanquished

Notes
Turn   | Place    | Note
-------+----------+-------------------------------------------
     0 | D:1      | Announcer the Minotaur Berserker began the quest for the Orb.
     0 | D:1      | Reached XP level 1. HP: 19/19 MP: 0/0
    93 | D:1      | Reached XP level 2. HP: 15/27 MP: 1/1
   741 | D:2      | Reached XP level 3. HP: 33/33 MP: 2/2
  1148 | D:2      | Reached ** piety under Trog
  1148 | D:2      | Reached skill level 5 in Axes
  1148 | D:2      | Reached XP level 4. HP: 40/40 MP: 3/3
  1655 | D:3      | Found a glowing silver altar of Zin.
  1786 | D:3      | Noticed Jessica
  1802 | D:3      | Killed Jessica
  1919 | D:3      | Reached XP level 5. HP: 42/47 MP: 4/4
  1992 | D:3      | Found a white marble altar of Elyvilon.
  2085 | D:3      | You fall through a shaft for 2 floors!
  2085 | D:5      | Entered Level 5 of the Dungeon
  2085 | D:5      | Noticed a phantom
  2126 | D:5      | Noticed a centaur
  2132 | D:5      | Killed a centaur
  2132 | D:5      | Reached XP level 6. HP: 46/55 MP: 5/5
  2191 | D:5      | Reached skill level 5 in Fighting
  2191 | D:5      | Reached skill level 5 in Armour
  2200 | D:5      | Noticed necrodante's ghost (weakling GrGl)
  2366 | D:4      | Noticed Dwachs's ghost (amateur DsCK)
  2374 | D:4      | Killed Dwachs's ghost
  2374 | D:4      | Reached XP level 7. HP: 62/62 MP: 6/6
  3068 | D:5      | Reached XP level 8. HP: 71/71 MP: 7/7
  3218 | D:5      | Killed necrodante's ghost
  3334 | D:6      | Reached *** piety under Trog
  3343 | D:6      | Found a sacrificial altar of Ru.
  3522 | D:6      | HP: 2/106 [orc warrior/short sword of electrocution (17)]
  3788 | D:6      | Noticed necrodante's ghost (amateur GrGl)
  3807 | D:7      | Noticed necrodante's ghost (amateur GrFi)
  3812 | D:7      | Killed necrodante's ghost
  3816 | D:7      | Reached skill level 10 in Axes
  3852 | D:7      | Got a smoking ring mail
  3900 | D:6      | Killed necrodante's ghost
  4080 | D:7      | Reached XP level 9. HP: 81/81 MP: 8/8
  4130 | D:7      | Noticed Joseph
  4150 | D:7      | Killed Joseph
  4156 | D:7      | Found a sand-covered staircase.
  4163 | Ossuary  | Entered an ossuary
  4309 | Ossuary  | Reached **** piety under Trog
  4591 | D:6      | Found a staircase to the Ecumenical Temple.
  4728 | D:6      | Found a shattered altar of Ashenzari.
  4922 | D:6      | Found a shimmering altar of Xom.
  5730 | D:7      | Found a hide-covered altar of Uskayaw.
  5741 | D:7      | Found a stormy altar of Qazlal.
  5944 | D:7      | Noticed Menkaure
  5950 | D:7      | Killed Menkaure
  6091 | D:8      | Found Bakut's Book Shop.
  6127 | D:8      | Noticed a two-headed ogre
  6136 | D:8      | Killed a two-headed ogre
  6136 | D:8      | Reached XP level 10. HP: 65/91 MP: 9/9
  6752 | D:8      | Reached ***** piety under Trog
  7270 | D:9      | Found a radiant altar of Vehumet.
  7429 | D:9      | Reached skill level 10 in Fighting
  7482 | D:9      | Reached skill level 10 in Armour
  7577 | D:9      | Received a gift from Trog
  7829 | D:9      | Noticed a cyclops
  7838 | D:9      | Killed a cyclops
  7953 | D:10     | Entered Level 10 of the Dungeon
  8020 | D:10     | Found a staircase to the Orcish Mines.
  8027 | D:10     | Reached XP level 11. HP: 101/101 MP: 10/10
  8093 | D:10     | Found a staircase to the Lair.
  9908 | D:11     | Reached skill level 15 in Axes
 10703 | Lair:1   | Entered Level 1 of the Lair of Beasts
 10741 | Lair:1   | Noticed a seven-headed hydra
 10750 | Lair:1   | Killed a nine-headed hydra
 10793 | Lair:1   | Identified the +3 ring mail of Insatiable Hunger {Stlth+} (You found it on level 7 of the Dungeon)
 11479 | Lair:1   | Noticed a five-headed hydra
 11491 | Lair:1   | Killed a 12-headed hydra
 11491 | Lair:1   | Reached XP level 12. HP: 112/112 MP: 9/11
 11793 | Lair:2   | Noticed a five-headed hydra
 11804 | Lair:2   | Killed a 13-headed hydra
 12409 | Lair:2   | Noticed Urug
 12419 | Lair:2   | Killed Urug
 13091 | Lair:2   | Noticed an eight-headed hydra
 13106 | Lair:2   | Killed a 12-headed hydra
 13621 | Lair:2   | Received a gift from Trog
 15390 | Lair:4   | Reached XP level 13. HP: 114/122 MP: 10/12
 15434 | Lair:4   | Found a staircase to the Snake Pit.
 15819 | Lair:4   | Noticed Rupert
 16044 | Lair:5   | Found a sacrificial altar of Ru.
 16530 | Lair:6   | Entered Level 6 of the Lair of Beasts
 17476 | Lair:6   | Received a gift from Trog
 17836 | Lair:6   | Found a viscous altar of Jiyva.
 17837 | Lair:6   | Found a staircase to the Slime Pits.
 18921 | Lair:6   | Reached XP level 14. HP: 91/133 MP: 5/13
 20055 | Orc:1    | Entered Level 1 of the Orcish Mines
 20072 | Orc:1    | Received a gift from Trog
 20162 | Orc:2    | Entered Level 2 of the Orcish Mines
 20162 | Orc:2    | Found a staircase to the Elven Halls.
 20646 | Orc:1    | Reached skill level 15 in Fighting
 21001 | Orc:2    | Received a gift from Trog
 21633 | Orc:2    | Reached skill level 15 in Armour
 21649 | Orc:2    | Reached skill level 5 in Dodging
 21671 | Orc:2    | Found Oguheqa's Weapon Emporium.
 21671 | Orc:2    | Found Ihuipt's Jewellery Emporium.
 21672 | Orc:2    | Found Gagyziss's Magic Scroll Shoppe.
 21672 | Orc:2    | Found Raorrac's Antique Weapon Emporium.
 21844 | Orc:2    | Bought the ring of Gittyit {*Drain rElec rPois rC+ Str+3} for 702 gold pieces
 21956 | Orc:1    | Noticed an orc warlord
 21962 | Orc:1    | Received a gift from Trog
 21971 | Orc:1    | Killed an orc warlord
 22707 | Lair:4   | Killed Rupert
 22707 | Lair:4   | Reached XP level 15. HP: 144/144 MP: 4/14
 23334 | Lair:4   | Found a staircase to the Swamp.
 23538 | Snake:1  | Entered Level 1 of the Snake Pit
 27488 | Snake:2  | Received a gift from Trog
 28765 | Snake:3  | Reached XP level 16. HP: 137/155 MP: 13/15
 29678 | Snake:3  | Found Joer's Jewellery Shoppe.
 29766 | Snake:3  | Received a gift from Trog
 29979 | Snake:3  | Got transparent fire dragon scales
 29991 | Snake:3  | Identified the cursed +1 fire dragon scales of Words of Power {rF++ rC- MR+} (You found it on level 3 of the Snake Pit)
 29996 | Snake:3  | Got a jasper-studded chain mail
 30012 | Snake:3  | Identified the +8 chain mail of Aniorych {-Tele rC+ Int+4 Dex+2} (You found it on level 3 of the Snake Pit)
 30092 | Snake:3  | Found Tofuku's Antique Armour Shop.
 30118 | Snake:3  | Bought a pair of runed boots for 322 gold pieces
 30301 | Snake:4  | Entered Level 4 of the Snake Pit
 31106 | Snake:4  | Reached ****** piety under Trog
 31249 | Snake:4  | Received a gift from Trog
 31256 | Snake:4  | Reached XP level 17. HP: 103/166 MP: 9/16
 31848 | Snake:4  | Got a serpentine rune of Zot
 32418 | D:12     | Received a gift from Trog
 32523 | D:12     | Received a gift from Trog
 32801 | D:12     | Found a runed door.
 33531 | D:13     | Found a frozen archway.
 33544 | IceCv    | Entered an ice cave
 34686 | D:14     | Found a gate to the Vaults.
 34847 | D:14     | Found Eheis's Gadget Emporium.
 34953 | D:14     | Reached XP level 18. HP: 176/176 MP: 14/17
 34969 | D:14     | Received a gift from Trog
 35397 | D:14     | Found a portal to a secret trove of treasure.
 35656 | D:15     | Entered Level 15 of the Dungeon
 35684 | D:15     | Noticed Josephine
 35688 | D:15     | Killed Josephine
 35817 | D:15     | Noticed Agnes
 35827 | D:15     | Killed Agnes
 35854 | D:15     | Found a staircase to the Depths.
 35998 | D:15     | Reached XP level 19. HP: 182/182 MP: 18/18
 36107 | Depths:1 | Entered Level 1 of the Depths
 36232 | Depths:1 | Received a gift from Trog
 36804 | Depths:1 | Found a runed warning-scrawled door.
 36825 | Depths:1 | Found a gateway to Hell.
 36940 | Depths:1 | Reached skill level 10 in Dodging
 37022 | Depths:1 | Found a runed door.
 37373 | Vaults:1 | Entered Level 1 of the Vaults
 37416 | Vaults:1 | Received a gift from Trog
 37529 | Vaults:1 | Found Peabb's Assorted Antiques.
 37552 | Vaults:1 | Found Ecsuing's Assorted Antiques.
 37577 | Vaults:1 | Bought a pair of runed gloves for 225 gold pieces
 37657 | Vaults:1 | Bought a potion of heal wounds for 150 gold pieces
 37888 | Vaults:1 | Received a gift from Trog
 38136 | Vaults:1 | Noticed Aizul
 38146 | Vaults:1 | Killed Aizul
 38239 | Vaults:1 | Reached XP level 20. HP: 193/193 MP: 19/19
 38273 | Vaults:1 | Found Mieckah's Assorted Antiques.
 38281 | Vaults:1 | Bought a coiled garnet amulet for 170 gold pieces
 38745 | Vaults:2 | Noticed Sojobo
 38754 | Vaults:2 | Received a gift from Trog
 38769 | Vaults:2 | Killed Sojobo
 39343 | Vaults:2 | Received a gift from Trog
 39450 | Vaults:2 | Found a radiant altar of Vehumet.
 39493 | Vaults:2 | Identified the amulet of the Townfolk {Harm *Drain rF+} (You bought it in a shop on level 1 of the Vaults)
 40705 | Vaults:3 | Found a staircase to the Crypt.
 40723 | Vaults:3 | Received a gift from Trog
 40869 | Vaults:3 | Found a shadowy altar of Dithmenos.
 40934 | Vaults:3 | Received a gift from Trog
 40941 | Vaults:3 | Reached XP level 21. HP: 204/204 MP: 20/20
 41349 | Vaults:4 | Noticed Mennas
 41370 | Vaults:4 | Killed Mennas
 41383 | Vaults:4 | Noticed Bai Suzhen
 41393 | Vaults:4 | Killed Bai Suzhen
 41894 | Vaults:4 | Received a gift from Trog
 42567 | Vaults:5 | Entered Level 5 of the Vaults
 42572 | Vaults:5 | Noticed a golden dragon
 42579 | Vaults:5 | Noticed a golden dragon
 42580 | Vaults:5 | Reached skill level 15 in Dodging
 42590 | Vaults:5 | Killed a golden dragon
 42592 | Vaults:5 | Killed a golden dragon
 42600 | Vaults:5 | Received a gift from Trog
 42633 | Vaults:4 | Reached XP level 22. HP: 100/216 MP: 21/21
 42857 | Vaults:5 | Noticed a golden dragon
 43237 | Vaults:5 | Received a gift from Trog
 43238 | Vaults:5 | Killed a golden dragon
 44096 | Vaults:5 | Noticed nano's ghost (veteran SpAs)
 44413 | Vaults:5 | Killed nano's ghost
 44425 | Vaults:5 | Received a gift from Trog
 44573 | Vaults:5 | Got a slimy iron amulet
 44855 | Vaults:5 | Got an ancient steel amulet
 44910 | Vaults:5 | Identified the amulet "Plog" {Harm *Drain Int+6} (You took it off a yaktaur captain on level 5 of the Vaults)
 44911 | Vaults:5 | Identified the amulet "Hiewod" {Harm -Tele *Drain rElec Dex+2} (You found it on level 5 of the Vaults)
 45223 | Vaults:5 | Got a silver rune of Zot
 45385 | Vaults:5 | Noticed a golden dragon
 45393 | Vaults:5 | Killed a golden dragon
 45423 | Vaults:5 | Received a gift from Trog
 45904 | Swamp:1  | Entered Level 1 of the Swamp
 46495 | Swamp:2  | Reached XP level 23. HP: 227/227 MP: 22/22
 46801 | Swamp:2  | Received a gift from Trog
 47252 | Swamp:3  | Reached skill level 1 in Evocations
 47294 | Swamp:3  | Got a pitted amber ring
 47766 | Swamp:4  | Entered Level 4 of the Swamp
 47918 | Swamp:4  | Identified the ring "Bewn" {Wiz Str+5} (You found it on level 3 of the Swamp)
 48070 | Swamp:4  | Received a gift from Trog
 48335 | Swamp:4  | Got a decaying rune of Zot
 49165 | Depths:1 | Found a runed door.
 49242 | Depths:2 | Got a pair of bloodstained gloves
 49253 | Depths:2 | Identified the +2 pair of gloves of Jemig {+Fly rPois MR- Dex+2} (You found it on level 2 of the Depths)
 49322 | Depths:2 | Found a one-way gate to the infinite horrors of the Abyss.
 49417 | Depths:2 | Noticed Mara
 49418 | Depths:2 | Noticed Announcer's illusion
 49446 | Depths:2 | Killed Mara
 49678 | Depths:2 | Received a gift from Trog
 50113 | Depths:2 | Reached skill level 5 in Evocations
 50533 | Depths:2 | Reached XP level 24. HP: 196/240 MP: 27/27
 50534 | Depths:2 | Received a gift from Trog
 50884 | Depths:3 | Paralysed by a hornet for 1 turns
 51020 | Depths:3 | Found a one-way gate leading to the halls of Pandemonium.
 51369 | Depths:3 | Received a gift from Trog
 51515 | Depths:3 | Got a transparent golden ring
 51536 | Depths:3 | Identified the ring "Veatiffa" {+Inv rElec Str+3 Int-2} (You found it on level 3 of the Depths)
 51877 | Depths:4 | Noticed Frederick
 51883 | Depths:4 | Killed Frederick
 51914 | Depths:4 | Found a gateway to a ziggurat.
 52120 | Depths:4 | Got a slimy platinum ring
 52276 | Depths:4 | Received a gift from Trog
 52461 | Depths:4 | Identified a scroll of acquirement
 52468 | Depths:4 | Got a pair of polished gloves
 52480 | Depths:4 | Identified the +2 pair of gloves "Sogytez" {rElec rN+ Int+4 Dex-5 Stlth+} (You acquired it on level 4 of the Depths)
 52481 | Depths:4 | Identified the ring of Qyitipt {Wiz *Slow rPois rN+} (You found it on level 4 of the Depths)
 52514 | Depths:4 | Reached skill level 10 in Evocations
 52589 | Depths:4 | Cast into level 4 of the Abyss (a lich)
 52644 | Abyss:4  | Reached XP level 25. HP: 251/251 MP: 29/29
 52652 | Abyss:4  | Found a roughly hewn altar of Beogh.
 52693 | Abyss:4  | Gained mutation: Armour fits poorly on your strangely shaped body. [a neqoxec]
 52853 | Abyss:4  | Received a gift from Trog
 52979 | Abyss:4  | Found a corrupted altar of Lugonu.
 52982 | Abyss:4  | Found a corrupted altar of Lugonu.
 53003 | Depths:4 | Escaped the Abyss
 53042 | Depths:4 | Noticed a juggernaut
 53052 | Depths:4 | Killed a juggernaut
 53159 | Depths:4 | Received a gift from Trog
 53176 | Depths:4 | Paralysed by a sphinx for 3 turns
 53520 | Depths:5 | Entered Level 5 of the Depths
 53663 | Depths:5 | Received a gift from Trog
 53901 | Depths:5 | Paralysed by a floating eye for 3 turns
 53969 | Depths:5 | Found a gate to the Realm of Zot.
 54385 | Zot:1    | Entered Level 1 of the Realm of Zot
 54390 | Zot:1    | Received a gift from Trog
 54444 | Zot:1    | Reached XP level 26. HP: 235/264 MP: 31/31
 54726 | Zot:1    | Reached skill level 27 in Fighting
 54726 | Zot:1    | Reached XP level 27. HP: 273/273 MP: 31/31
 54870 | Zot:1    | Noticed an orb of fire
 54874 | Zot:1    | Gained mutation: You expend magic power (3 MP) to strengthen your wands. [an orb of fire]
 54880 | Zot:1    | Gained mutation: You are weak. (Str -2) [an orb of fire]
 54885 | Zot:1    | Gained mutation: You tend to lose your temper in combat. [an orb of fire]
 54889 | Zot:1    | Gained mutation: Potions are less effective at restoring your health. [an orb of fire]
 54890 | Zot:1    | Killed an orb of fire
 55261 | Zot:1    | Received a gift from Trog
 56410 | Zot:3    | Received a gift from Trog
 56412 | Zot:3    | Reached skill level 27 in Armour
 56497 | Zot:3    | Reached skill level 15 in Evocations
 57800 | Zot:4    | Received a gift from Trog
 58233 | Zot:5    | Entered Level 5 of the Realm of Zot
 58892 | Zot:5    | Noticed an ancient lich
 58899 | Zot:5    | Killed an ancient lich
 58959 | Zot:5    | Noticed an orb of fire
 58966 | Zot:5    | Gained mutation: Your body sometimes deteriorates upon taking damage. [an orb of fire]
 58972 | Zot:5    | Killed an orb of fire
 58986 | Zot:5    | Noticed an orb of fire
 58989 | Zot:5    | Gained mutation: Your spells are a little easier to cast, but a little less powerful. [an orb of fire]
 59008 | Zot:5    | Noticed an ancient lich
 59261 | Zot:5    | Killed an ancient lich
 59267 | Zot:5    | Gained mutation: You are clumsy. (Dex -2) [an orb of fire]
 59391 | Zot:5    | Gained mutation: You are frail. (-10% HP) [an orb of fire]
 59399 | Zot:5    | Gained mutation: Scrolls take you a little longer to read. [an orb of fire]
 59401 | Zot:5    | Killed an orb of fire
 59738 | Zot:5    | Noticed an ancient lich
 59740 | Zot:5    | Noticed an ancient lich
 59743 | Zot:5    | Noticed an orb of fire
 59754 | Zot:5    | Killed an ancient lich
 59755 | Zot:5    | Gained mutation: You occasionally shout uncontrollably at your foes. [an orb of fire]
 59763 | Zot:5    | Killed an orb of fire
 59765 | Zot:5    | Noticed an orb of fire
 59766 | Zot:5    | Gained mutation: Your body often deteriorates upon taking damage. [an orb of fire]
 59773 | Zot:5    | HP: 9/245 [deep troll[the player character] (16)]
 59773 | Zot:5    | HP: 3/245 [electric golem/bolt of lightning (6)]
 59776 | Zot:5    | Gained mutation: Your spells are easier to cast, but less powerful. [an orb of fire]
 59777 | Zot:5    | Slain by a deep troll

Skill      XL: |  1  2  3  4  5  6  7  8  9 10 11 12 13 14 15 16 17 18 19 20 21 22 23 24 25 26 27 |
---------------+----------------------------------------------------------------------------------+-----
Axes           | 4 5 6 7 8 10 12 14 16 17 19 20 21 22 24 25 26 | 26.1
Armour         | 3 4 5 6 7 9 10 11 13 14 15 16 17 19 20 22 23 24 25 26 27 | 27.0
Fighting       | 4 5 6 7 9 10 12 13 14 16 17 18 19 21 22 23 24 25 26 27 | 27.0
Dodging        | 5 7 9 11 13 15 17 | 17.6
Evocations     | 7 10 12 13 19 | 19.7

Action                   |  1- 3 |  4- 6 |  7- 9 | 10-12 | 13-15 | 16-18 | 19-21 | 22-24 | 25-27 || total
-------------------------+-------+-------+-------+-------+-------+-------+-------+-------+-------++-------
Melee: Hand axe          |    55 |    95 |   194 |   631 |   440 |       |       |       |       ||  1415
       Headbutt          |    13 |    19 |    45 |   174 |   233 |   135 |   192 |   294 |   249 ||  1354
       Battleaxe         |       |       |       |       |   460 |   222 |       |       |       ||   682
       Eveningstar       |       |       |       |       |    86 |       |       |       |       ||    86
       Executioner's axe |       |       |       |       |       |   374 |   781 |  1058 |   928 ||  3141
Invok: Berserk           |     1 |     3 |     8 |    29 |    37 |    10 |     8 |     6 |     9 ||   111
       Trog's Hand       |       |     4 |     1 |     3 |     6 |     2 |     5 |    12 |    13 ||    46
       Burn Spellbooks   |       |       |     1 |     1 |     1 |     6 |     3 |     3 |     5 ||    20
       Brothers in Arms  |       |       |       |     5 |     8 |     1 |     5 |     6 |     7 ||    32
Evoke: Wand              |       |       |       |     3 |     7 |       |       |       |       ||    10
  Use: Scroll            |       |     1 |     2 |    11 |     7 |    21 |     3 |    18 |     1 ||    64
       Potion            |       |       |       |     6 |     2 |     3 |     6 |     7 |    11 ||    35
 Stab: Petrified         |       |       |       |       |    11 |       |       |       |       ||    11
       Distracted        |       |       |       |       |       |       |     1 |     2 |       ||     3
       Confused          |       |       |       |       |       |       |       |     1 |       ||     1
  Eat: Chunk             |     1 |     4 |     5 |    16 |    12 |     4 |     6 |     6 |     1 ||    55
       Fruit             |       |     4 |     3 |       |    10 |       |     4 |     8 |       ||    29
       Meat ration       |       |       |     2 |     4 |     8 |     4 |     4 |     5 |     4 ||    31
       Royal jelly       |       |       |     1 |     4 |     4 |     4 |     4 |       |     7 ||    24
       Bread ration      |       |       |       |     5 |     3 |     2 |       |     1 |     3 ||    14
Armor: Animal skin       |     6 |       |       |       |       |       |       |       |       ||     6
       Plate armour      |    12 |    68 |    71 |   159 |       |    70 |   411 |    90 |       ||   881
       Ice dragon scales |       |       |       |   193 |   451 |    21 |       |       |       ||   665
       Skin              |       |       |       |    62 |       |       |       |       |       ||    62
       Fire dragon scale |       |       |       |       |       |   161 |       |       |       ||   161
       Gold dragon scale |       |       |       |       |       |       |       |   731 |   783 ||  1514
Dodge: Dodged            |    35 |    35 |    59 |   249 |   467 |   342 |   477 |   734 |   543 ||  2941
       Deflected         |       |       |       |       |       |       |       |       |     1 ||     1
